AoeStats
← nikikiker

Arena

509344955Analyzed
4v4 RM · 7d ago on Sep 26, 2026· 76m 9s· 8 players
Game mode
Random Map
Map size
Large (8 player)
Population
200
Speed
Normal
Resources
Standard
Victory
Conquest
Starting age
Dark Age
Ending age
Imperial Age
RankedLock teamsTeams togetherTeam positionsShared explorationLock speedFull tech treeHidden civsTurbo modeCheats
Victory
Defeat
🇺🇦 Teutons · Ukraine
1229
+14
🇳🇱 Malians · Netherlands
1213
+14
🇫🇮 Slavs · Finland
1191
+15
🇺🇸 Spanish · United States
1178
+16
🇻🇳 Teutons · Vietnam
1245
-18
🇹🇼 Berbers · Taiwan
1215
-16
🇻🇳 Bohemians · Vietnam
1130
-13
🇧🇷 Khmer · Brazil
1112
-12
Finarfin
9:20 Feudal Age
10:36 Wheelbarrow
9:42 Horse Collar
9:47 Double-Bit Axe
16:38 Castle Age
17:36 Hand Cart
17:22 Heavy Plow
17:32 Bow Saw
24:34 Gold Mining
26:11 Gold Shaft Mining
26:02 Pikeman
26:43 Squires
26:44 Scale Mail Armor
26:31 Loom
29:20 Imperial Age
27:02 Forging
27:43 Chain Mail Armor
27:18 Town Watch
29:27 Iron Casting
28:43 Fletching
29:04 Fortified Wall
29:06 Masonry
28:52 Murder Holes
30:05 Ballistics
29:37 Halberdier
30:48 Plate Mail Armor
30:49 Crop Rotation
30:23 Town Patrol
31:27 Blast Furnace
31:11 Capped Ram
32:30 Bodkin Arrow
33:36 Chemistry
32:59 Conscription
33:08 Druzhina
33:04 Siege Ram
34:37 Siege Engineers
36:19 Elite Boyar
37:08 Scale Barding Armor
38:04 Sappers
39:33 Hoardings
39:52 Detinets
42:20 Coinage
46:55 Banking
46:25 Caravan
47:36 Chain Barding Armor
47:16 Padded Archer Armor
46:37 Man-at-Arms
56:58 Long Swordsman
61:47 Husbandry
62:02 Bloodlines
61:36 Two-Handed Swordsman
63:38 Champion
Soaking Dill
10:25 Feudal Age
15:01 Castle Age
13:08 Double-Bit Axe
14:24 Horse Collar
16:18 Bow Saw
18:30 Loom
19:52 Heavy Plow
23:47 Wheelbarrow
25:19 Gold Mining
25:20 Stone Mining
26:10 Hand Cart
30:26 Imperial Age
28:57 Stone Shaft Mining
28:14 Town Watch
28:39 Padded Archer Armor
29:00 Town Patrol
28:58 Fletching
29:33 Ballistics
30:37 Leather Archer Armor
30:17 Bodkin Arrow
32:11 Chemistry
31:33 Conscription
31:48 Elite Conquistador
33:01 Ring Archer Armor
32:32 Bracer
33:29 Bloodlines
33:19 Husbandry
35:19 Ballistics
36:18 Scale Mail Armor
35:41 Pikeman
36:23 Squires
36:53 Forging
36:13 Halberdier
37:47 Chain Mail Armor
39:17 Iron Casting
38:46 Arson
39:33 Plate Mail Armor
50:10 Scale Barding Armor
49:33 Light Cavalry
53:49 Coinage
58:50 Two-Man Saw
58:52 Blast Furnace
58:33 Caravan
63:13 Hussar
64:22 Chain Barding Armor
66:23 Plate Barding Armor
nikikiker
11:37 Feudal Age
15:24 Castle Age
13:24 Horse Collar
13:31 Double-Bit Axe
16:36 Bow Saw
22:22 Wheelbarrow
22:28 Gold Mining
23:13 Heavy Plow
23:55 Stone Mining
24:31 Loom
28:46 Imperial Age
27:03 Hand Cart
26:34 Town Watch
27:23 Bloodlines
27:22 Scale Barding Armor
28:59 Chain Barding Armor
28:56 Forging
28:53 Cavalier
30:25 Plate Barding Armor
31:22 Iron Casting
31:23 Conscription
31:18 Paladin
32:38 Masonry
34:57 Blast Furnace
35:18 Conscription
36:45 Hoardings
37:56 Chemistry
36:23 Pikeman
37:03 Squires
36:49 Arson
38:13 Town Watch
37:50 Halberdier
38:45 Scale Mail Armor
40:19 Caravan
42:46 Chain Mail Armor
47:59 Stone Shaft Mining
48:11 Ballistics
50:47 Plate Mail Armor
52:51 Siege Engineers
54:12 Sappers
55:05 Guard Tower
55:02 Arrowslits
56:31 Keep
58:13 Crenellations
66:23 Bombard Tower
Brandon
10:48 Feudal Age
9:03 Loom
14:47 Castle Age
13:11 Stone Mining
13:41 Double-Bit Axe
19:51 Scale Mail Armor
20:01 Forging
19:54 Squires
19:47 Arson
22:26 Gold Mining
25:01 Bow Saw
26:52 Iron Casting
27:15 Chain Mail Armor
27:22 Treadmill Crane
30:21 Fletching
34:00 Wheelbarrow
33:10 Town Watch
35:18 Fortified Wall
35:28 Ballistics
35:06 Horse Collar
36:32 Hand Cart
40:27 Imperial Age
40:15 Heavy Plow
41:20 Gold Shaft Mining
41:13 Farimba
41:53 Conscription
41:47 Scale Barding Armor
42:07 Husbandry
42:34 Bloodlines
41:46 Light Cavalry
41:46 Cavalier
53:48 Bodkin Arrow
54:15 Chain Barding Armor
54:27 Plate Mail Armor
57:05 Plate Barding Armor
65:21 Capped Ram
71:39 Crop Rotation
taiwan180
11:22 Feudal Age
11:17 Loom
14:38 Castle Age
12:28 Double-Bit Axe
12:42 Horse Collar
15:43 Bow Saw
23:22 Wheelbarrow
23:18 Gold Mining
23:31 Stone Mining
24:27 Town Watch
25:56 Gold Shaft Mining
25:58 Stone Shaft Mining
26:16 Hand Cart
30:19 Imperial Age
27:37 Light Cavalry
28:17 Husbandry
28:28 Bloodlines
28:24 Scale Barding Armor
28:30 Forging
29:35 Chain Barding Armor
29:13 Murder Holes
29:58 Murder Holes
30:14 Fortified Wall
30:52 Iron Casting
30:23 Fletching
31:14 Heavy Plow
30:46 Heavy Scorpion
31:33 Siege Engineers
32:00 Double Crossbow
32:34 Hussar
34:44 Plate Barding Armor
35:46 Chemistry
36:05 Blast Furnace
43:01 Bodkin Arrow
43:52 Bracer
47:55 Scale Mail Armor
48:48 Conscription
49:11 Pikeman
49:36 Arson
59:09 Padded Archer Armor
lequochuypy96
11:02 Feudal Age
12:36 Horse Collar
12:44 Double-Bit Axe
12:52 Gold Mining
16:21 Castle Age
15:25 Wheelbarrow
17:31 Bow Saw
17:24 Heavy Plow
20:15 Hand Cart
30:54 Imperial Age
28:17 Loom
28:46 Forging
28:49 Fortified Wall
28:50 Masonry
28:51 Stone Mining
30:13 Iron Casting
29:43 Scale Barding Armor
30:39 Bloodlines
30:40 Pikeman
31:06 Cavalier
32:19 Chain Barding Armor
33:00 Blast Furnace
33:21 Chemistry
33:11 Crop Rotation
32:40 Paladin
34:31 Plate Barding Armor
36:29 Conscription
38:22 Scale Mail Armor
38:14 Fletching
38:17 Halberdier
38:43 Arson
39:01 Squires
40:05 Chain Mail Armor
39:46 Bodkin Arrow
44:15 Plate Mail Armor
45:22 Two-Man Saw
47:10 Hoardings
49:18 Gambesons
49:02 Capped Ram
64:07 Man-at-Arms
67:33 Caravan
68:04 Coinage
69:29 Long Swordsman
73:12 Two-Handed Swordsman
bthi68153
2:31 Loom
10:16 Feudal Age
17:34 Castle Age
15:55 Double-Bit Axe
16:17 Horse Collar
22:07 Bow Saw
26:47 Heavy Plow
27:53 Wheelbarrow
32:24 Imperial Age
30:22 Pikeman
34:45 Chemistry
34:46 Halberdier
35:27 Squires
37:22 Elite Hussite Wagon
38:35 Halberdier
53:45 Elite Skirmisher
65:50 Scale Mail Armor
a506b8123il
11:10 Feudal Age
11:52 Double-Bit Axe
12:14 Man-at-Arms
18:28 Castle Age
17:48 Gold Mining
17:50 Fletching
18:54 Loom
18:45 Crossbowman
21:27 Bow Saw
25:47 Wheelbarrow
25:09 Horse Collar
25:38 Bodkin Arrow
32:07 Imperial Age
30:19 Heavy Plow
31:39 Gold Shaft Mining
39:07 Bracer
41:18 Ballistics
42:16 Husbandry
42:47 Padded Archer Armor
44:38 Chemistry
44:49 Conscription
44:30 Kasbah
46:21 Hand Cart
45:59 Pikeman
46:39 Squires
47:19 Guilds
48:00 Forging
47:39 Town Watch
48:57 Stone Mining
48:47 Capped Ram
50:36 Crop Rotation
51:05 Iron Casting
51:23 Scale Mail Armor
51:27 Elite Camel Archer
52:25 Leather Archer Armor
53:00 Fortified Wall
54:48 Blast Furnace
54:04 Chain Mail Armor
54:38 Stone Shaft Mining
56:51 Town Patrol
57:50 Caravan
57:51 Herbal Medicine
59:01 Plate Mail Armor
60:16 Thumb Ring
59:34 Elite Genitour
61:08 Ring Archer Armor
62:50 Hoardings
Connection lost

Rejoining the realm…

Still unreachable

The connection could not be restored.

Session expired

The server has moved on; the page needs a fresh start.